 Dungeon Crawl Stone Soup version 0.31.0-11-ge490571c62 (webtiles) character file.

Game seed: 1507235802553181173

2196 qw the Nimble (level 9, -5/32 (48) HPs)
             Began as a Spriggan Hunter on Feb 4, 2024.
             Killed by divine providence
             ... invoked by Jeremiah
              (13 damage)
             ... on level 7 of the Dungeon.
             The game lasted 00:00:25 (5610 turns).

qw the Nimble (Spriggan Hunter)                     Turns: 5610, Time: 00:00:26

HP:   -5/32 (48)    AC:  6    Str:  6    XL:     9   Next: 12%
MP:   10/10         EV: 28    Int: 10    God:
Gold: 1205          SH:  0    Dex: 26    Spells: 8/8 levels left

rFire   . . .        f - +0 orcbow
rCold   . . .        (shield currently unavailable)
rNeg    . . .        l - +2 robe {Will+}
rPois   .            (helmet restricted)
rElec   .            (no cloak)
rCorr   .            (gloves unavailable)
SInv    +            (boots unavailable)
Will    ++...        k - amulet of faith
Stlth   ++           j - +4 ring of slaying {mikee}
HPRegen 0.25/turn    (no ring)
MPRegen 0.12/turn

%: faith
@: very heavily drained, very quick
A: very small, no large weapons, unfitting armour, see invisible, speed 3,
iridescent scales 1, agile 1, robust 1, MP-powered wands
a: no special abilities


You were on level 7 of the Dungeon.
You visited 2 branches of the dungeon, and saw 8 of its levels.

You collected 1577 gold pieces.
You spent 372 gold pieces at shops.


Innate Abilities, Weirdness & Mutations

You are very small and have problems with some larger weapons.
You are too small for most types of armour.
You have supernaturally acute eyesight. (SInv)
You cover ground extremely quickly. (Speed+++)
You are partially covered in iridescent scales. (AC +2)
You are agile. (Dex +4, Str/Int -1)
You are robust. (+10% HP)
You expend magic power (3 MP) to strengthen your wands.


   Skills:
 - Level 3.3 Fighting
 + Level 9.7 Ranged Weapons
 - Level 10.2 Dodging
 - Level 1.5 Stealth


You had 8 spell levels left.
You didn't know any spells.
Your spell library was empty.

Inventory:

Hand Weapons
 f - a +0 orcbow (weapon)
Armour
 l - a +2 robe of willpower (worn)
Jewellery
 j - a +4 ring of slaying (left hand) {mikee}
 k - an amulet of faith (around neck)
 n - a ring of positive energy
Wands
 m - a wand of flame (2)
Potions
 b - 3 potions of curing
 c - a potion of berserk rage {unknown}
 d - a potion of enlightenment {unknown}
 e - a potion of haste {unknown}
 g - 4 potions of mutation
 h - a potion of might {unknown}
 i - a potion of ambrosia {unknown}

Dungeon Overview and Level Annotations

Branches:
Dungeon (7/15)             Temple (1/1) D:4

Altars:
Ashenzari
Dithmenos
Fedhas
Gozag
Hepliaklqana
Kikubaaqudgha
Nemelex Xobeh
Qazlal
Ru
Sif Muna
Trog
Vehumet
Xom
Zin
The Shining One

Shops:
D:7 *

Annotations:
D:7 Jeremiah


Message History

5596 ||| DRINKING potion of heal wounds.
You feel much better. Jeremiah misses you. Jeremiah misses you.
Jeremiah completely misses you.
You shoot an arrow. The arrow barely misses Jeremiah.
The arrow misses the butterfly.
The arrow hits the butterfly.
You kill the butterfly!
The butterfly disappears in a burst of colours!
Jeremiah completely misses you. Jeremiah completely misses you.
The butterfly disappears in a burst of colours!
Jeremiah hits you from afar with a +3 trident of draining.
You feel drained. Jeremiah completely misses you.
The butterfly disappears in a burst of colours!
Jeremiah completely misses you.
The butterfly disappears in a burst of colours!
Jeremiah cries, "Fearful master, protect me!"
Something smites you!
The butterfly disappears in a burst of colours! x2
Jeremiah completely misses you.
Jeremiah hits you from afar with a +3 trident of draining.
You feel drained.
The butterfly disappears in a burst of colours! x3
Jeremiah completely misses you.
Enter note:
Enter note:
Enter note: You shoot an arrow.
The arrow hits the butterfly.
You kill the butterfly!
The butterfly disappears in a burst of colours!
The butterfly disappears in a burst of colours!
Jeremiah barely misses you. Jeremiah barely misses you.
The butterfly disappears in a burst of colours!
Jeremiah shouts, "O dreadful one, destroy my foe!"
Something smites you!
You die...
Jeremiah says, "O terrible one, your will is done."

#.....##...b..... ......
###...############# ......
.###..b..#####......# ......
....b..%....##......# ...#..
#.......b...##......# ...#.#
#..b...bbbb.##......# ...#..
........b.bb##......# ####.#..
........bbbbb#......###....#..
......b...bFb@.............#..
..##....######.....#.......#..
.. #..... .........#.......#..
##..............#......)).#
#..............#......)..# #..
..............#..)...#
...................#.#
..............).......
.....###...........


You could see Jeremiah.

Vanquished Creatures
  Grinder (D:6)
  An ice beast (D:5)
  A sky beast (D:7)
  2 orc warriors
  A centaur (D:6)
  6 phantoms
  2 bullfrogs
  3 scorpions
  A bombardier beetle (D:6)
  2 howler monkeys
  A hound (D:5)
  2 jellies
  3 orc priests (D:7)
  A sleepcap (D:6)
  Jessica (D:3)
  An iguana (D:4)
  8 orc wizards
  Robin (D:3)
  9 adders
  2 ufetubi (D:6)
  3 ribbon worms (D:2)
  2 dart slugs
  18 orcs
  2 ball pythons
  9 bats
  4 endoplasms
  2 giant cockroaches
  20 goblins
  7 hobgoblins
  4 jackals (D:1)
  6 kobolds
  2 quokkas (D:1)
  9 frilled lizards (D:1)
  8 rats
145 creatures vanquished.

Notes
Turn   | Place    | Note
-------+----------+-------------------------------------------
     0 | D:1      | qw the Spriggan Hunter began the quest for the Orb.
     0 | D:1      | Reached XP level 1. HP: 10/10 MP: 2/2
     0 | D:1      | 0 ||| qw: Version: 0.3-a-160-g6735b56
     0 | D:1      | 0 ||| qw: Game counter: 5554
     0 | D:1      | 0 ||| qw: Melee chars always use a shield: true
     0 | D:1      | 0 ||| qw: God list: Okawaru
     0 | D:1      | 0 ||| qw: Allow faded altars: false
     0 | D:1      | 0 ||| qw: Do Orc after clearing Dungeon:15 true
     0 | D:1      | 0 ||| qw: Do second Lair branch before Depths: true
     0 | D:1      | 0 ||| qw: Lair rune preference: random
     0 | D:1      | 0 ||| qw: Goals: Normal
     0 | D:1      | 0 ||| PLANNING D:1-11
    20 | D:1      | Reached skill level 3 in Dodging
    89 | D:1      | Reached XP level 2. HP: 14/14 MP: 3/3
   168 | D:1      | Reached skill level 4 in Dodging
   591 | D:1      | Reached XP level 3. HP: 18/18 MP: 4/4
  1150 | D:1      | 1150 ||| READING scroll labelled ULOEHI ANLOWNUE.
  1151 | D:1      | 1151 ||| READING scroll labelled UPLETA SIUS.
  1151 | D:1      | 1151 ||| ENCHANTING +0 shortbow.
  1152 | D:1      | 1152 ||| READING scroll labelled VERCHE NIOGABIO.
  1253 | D:1      | 1253 ||| READING scroll labelled POWNYQ ULYIMEAM.
  1254 | D:1      | 1254 ||| DRINKING 2 fuming yellow potions.
  1254 | D:1      | Gained mutation: You expend magic power (3 MP) to
                  | strengthen your wands. [potion of mutation]
  1254 | D:1      | Gained mutation: You are robust. (+10% HP) [potion of
                  | mutation]
  1254 | D:1      | Gained mutation: You are agile. (Dex +4, Str/Int -1)
                  | [potion of mutation]
  1254 | D:1      | Gained mutation: You are partially covered in iridescent
                  | scales. (AC +2) [potion of mutation]
  1256 | D:1      | 1256 ||| DROPPING scroll of butterflies.
  1464 | D:2      | Found a sacrificial altar of Ru.
  1521 | D:2      | Reached skill level 5 in Dodging
  1521 | D:2      | Reached XP level 4. HP: 24/24 MP: 5/5
  2034 | D:2      | 2034 ||| UPGRADING to amulet of faith.
  2039 | D:2      | 2039 ||| UPGRADING to +4 ring of slaying {mikee}.
  2040 | D:2      | 2040 ||| READING scroll labelled PIGAWK IFUIPP.
  2040 | D:2      | 2040 ||| IDENTIFYING black potion
  2041 | D:2      | 2041 ||| READING scroll labelled ZUEXKEV BAUXIY.
  2042 | D:2      | 2042 ||| DRINKING 2 murky emerald potions.
  2067 | D:2      | 2067 ||| DROPPING potion of lignification.
  2141 | D:3      | 2141 ||| FLEEEEING.
  2142 | D:3      | 2142 ||| FLEEEEING.
  2143 | D:3      | 2143 ||| FLEEEEING.
  2144 | D:3      | 2144 ||| FLEEEEING.
  2145 | D:3      | 2145 ||| FLEEEEING.
  2149 | D:3      | Noticed Robin
  2162 | D:3      | Killed Robin
  2217 | D:3      | Found an ancient bone altar of Kikubaaqudgha.
  2318 | D:3      | Reached XP level 5. HP: 28/28 MP: 6/6
  2710 | D:3      | Noticed Jessica
  2711 | D:3      | Killed Jessica
  2712 | D:3      | Reached skill level 6 in Dodging
  2793 | D:3      | 2793 ||| UPGRADING to +2 robe of willpower.
  2803 | D:3      | 2803 ||| DROPPING +0 robe.
  2804 | D:3      | 2804 ||| READING scroll of identify.
  2804 | D:3      | 2804 ||| IDENTIFYING cyan potion
  2805 | D:3      | 2805 ||| READING scroll labelled ZYNAAR ESTRU.
  2810 | D:3      | 2810 ||| DRINKING 3 bubbling emerald potions.
  2811 | D:3      | 2811 ||| DROPPING potion of degeneration.
  2812 | D:3      | 2812 ||| DROPPING 2 potions of brilliance.
  2870 | D:4      | Noticed a phantom
  2877 | D:4      | Found a broken altar of Ashenzari.
  2878 | D:4      | Killed a phantom
  2879 | D:4      | Reached XP level 6. HP: 31/33 MP: 7/7
  2980 | D:4      | Reached skill level 6 in Ranged Weapons
  3177 | D:4      | Reached skill level 7 in Dodging
  3298 | D:4      | Found a staircase to the Ecumenical Temple.
  3299 | D:4      | 3299 ||| PLANNING TEMPLE
  3299 | D:4      | 3299 ||| READING scroll labelled ZEC ZOTIHAGG.
  3300 | D:4      | 3300 ||| READING scroll labelled ICLEIK GURUORAEWO.
  3300 | D:4      | Identified a scroll of acquirement
  3300 | D:4      | 3300 ||| ACQUIRING 1287 gold pieces
  3300 | D:4      | Acquired 1287 gold pieces
  3302 | D:4      | 3302 ||| READING scroll labelled OFAEPA OTIT.
  3310 | Temple   | Entered the Ecumenical Temple
  3311 | Temple   | 3311 ||| PLANNING D:1-11
  3617 | D:5      | Entered Level 5 of the Dungeon
  3617 | D:5      | Noticed an ice beast
  3624 | D:5      | Killed an ice beast
  3625 | D:5      | Reached XP level 7. HP: 38/38 MP: 8/8
  3695 | D:5      | Found a shimmering blue altar of Sif Muna.
  3770 | D:5      | Reached skill level 8 in Dodging
  3958 | D:5      | Reached XP level 8. HP: 42/42 MP: 9/9
  4147 | D:5      | 4147 ||| DRINKING 2 bubbling red potions.
  4148 | D:5      | 4148 ||| DROPPING potion of attraction.
  4296 | D:6      | 4296 ||| SWAPPING to +0 orcbow.
  4297 | D:6      | 4297 ||| DROPPING +1 shortbow.
  4317 | D:6      | Reached skill level 9 in Dodging
  4337 | D:6      | Noticed Grinder
  4341 | D:6      | Killed Grinder
  4342 | D:6      | Reached skill level 3 in Fighting
  4570 | D:6      | Found a shadowy altar of Dithmenos.
  4635 | D:6      | HP: 9/44 [orc warrior/+0 long sword (17)]
  4636 | D:6      | 4636 ||| READING scroll of teleportation.
  4888 | D:6      | Reached skill level 9 in Ranged Weapons
  5211 | D:7      | Identified the maw talisman of Bedevilment {rElec Dex+5}
  5231 | D:7      | Reached skill level 10 in Dodging
  5239 | D:7      | Reached XP level 9. HP: 48/48 MP: 10/10
  5286 | D:7      | Found Kyxotw Zull's Hallowed Reliquary.
  5286 | D:7      | Noticed an angel
  5292 | D:7      | 5292 ||| BUYING potion of curing (36 gold).
  5292 | D:7      | Bought a potion of curing for 36 gold pieces
  5292 | D:7      | 5292 ||| BUYING potion of curing (36 gold).
  5292 | D:7      | Bought a potion of curing for 36 gold pieces
  5292 | D:7      | 5292 ||| BUYING potion of heal wounds (60 gold).
  5292 | D:7      | Bought a potion of heal wounds for 60 gold pieces
  5292 | D:7      | 5292 ||| BUYING ring of positive energy (240 gold).
  5292 | D:7      | Bought a ring of positive energy for 240 gold pieces
  5518 | D:7      | Noticed Jeremiah
  5537 | D:7      | 5537 ||| FLEEEEING.
  5539 | D:7      | 5539 ||| FLEEEEING.
  5541 | D:7      | 5541 ||| FLEEEEING.
  5544 | D:7      | 5544 ||| FLEEEEING.
  5578 | D:7      | HP: 6/36 [Jeremiah/+3 trident of draining (9)]
  5579 | D:7      | 5579 ||| DRINKING 2 potions of heal wounds.
  5580 | D:7      | 5580 ||| FLEEEEING.
  5581 | D:7      | 5581 ||| FLEEEEING.
  5583 | D:7      | 5583 ||| FLEEEEING.
  5584 | D:7      | 5584 ||| FLEEEEING.
  5586 | D:7      | 5586 ||| FLEEEEING.
  5587 | D:7      | 5587 ||| FLEEEEING.
  5595 | D:7      | HP: 7/34 [Jeremiah/divine providence (9)]
  5596 | D:7      | 5596 ||| DRINKING potion of heal wounds.
  5606 | D:7      | HP: 7/32 [Jeremiah/+3 trident of draining (2)]
  5610 | D:7      | Killed from afar by Jeremiah

Levels and vault maps discovered:
D:1:      dpeg_arrival_subterranean_lakeside_camping, layout_loops_corners,
          roderic_lattice_a, minmay_lizard_king
D:2:      layout_basic, basic_altar
D:3:      layout_loops_ring, lemuel_tele_altar, dreamdust_mushroom_princess,
          uniq_robin, uniq_jessica
D:4:      layout_loops_ring, ashenzari_altar_1,
          minmay_temple_entry_statues_fountains
D:5:      nicolae_cairo_tiling, layout_rooms, lemuel_blue_sif_altar
D:6:      layout_gridville, grunt_dithmenos_shadows, uniq_grinder
D:7:      layout_basic, nicolae_good_shop, uniq_maurice, uniq_jeremiah
Temple:   nicolae_temple_two_arcs

Skill      XL: |  1  2  3  4  5  6  7  8 |
---------------+-------------------------+-----
Dodging        | 3 4 5 6 7 8 10 | 10.2
Ranged Weapons | 5 6 7 9 |  9.7
Fighting       | 2 3 |  3.3
Stealth        | |  1.5

Action                     |  1- 3 |  4- 6 |  7- 9 || total
---------------------------+-------+-------+-------++-------
   Fire: Shortbow          |    98 |   126 |    61 ||   285
         Orcbow            |       |       |   119 ||   119
    Use: Scroll            |     4 |     7 |     1 ||    12
         Potion            |     1 |     2 |     3 ||     6
 Armour: Robe              |    14 |    12 |    25 ||    51
  Dodge: Dodged            |    29 |    35 |    80 ||   144

Table legend:
 A = Non-vault XP
 B = Vault XP
 C = Vault XP percentage of total XP
 D = Non-vault monster count
 E = Vault monster count
 F = Vault count percentage of total count
                 A         B        C        D         E       F
            +---------+---------+-------+---------+---------+-------
      Total |    2676 |     462 |  14.7 |     115 |      30 |  20.7
            +---------+---------+-------+---------+---------+-------
        D:1 |      36 |      17 |  32.1 |      20 |      14 |  41.2
        D:2 |      75 |       0 |   0.0 |      18 |       0 |   0.0
        D:3 |      67 |      75 |  52.8 |      12 |      14 |  53.8
        D:4 |     423 |       0 |   0.0 |      17 |       0 |   0.0
        D:5 |     797 |       0 |   0.0 |      15 |       0 |   0.0
        D:6 |     504 |     370 |  42.3 |      10 |       2 |  16.7
        D:7 |     774 |       0 |   0.0 |      23 |       0 |   0.0
            +---------+---------+-------+---------+---------+-------
